 Dungeon Crawl Stone Soup version 0.20.2-3-g29329e0561 (webtiles) character file.

198 Alfie the Slasher (level 5, -4/70 HPs)
             Began as a Minotaur Fighter on Oct 26, 2020.
             Slain by an orc priest (5 damage)
             ... on level 3 of the Dungeon.
             The game lasted 00:05:49 (1923 turns).

Alfie the Slasher (Minotaur Fighter)                Turns: 1923, Time: 00:05:51

Health: -4/70      AC:  7    Str: 26    XL:     5   Next: 47%
Magic:  4/4        EV:  8    Int:  5    God:
Gold:   217        SH: 10    Dex: 10    Spells: 4/4 levels left

rFire    . . .     SeeInvis .   a - +0 long sword
rCold    . . .     Gourm    .   c - +0 shield
rNeg     . . .     Faith    .   b - +0 scale mail
rPois    .         Spirit   .   (helmet restricted)
rElec    .         Reflect  .   (no cloak)
rCorr    .         Harm     .   (no gloves)
MR       .....                  (no boots)
Stlth    ..........             (no amulet)
Regen    0.3/turn               (no ring)
MPRegen  0.1/turn               (no ring)

@: berserking, very quick
A: retaliatory headbutt, horns 2
a: no special abilities


You were on level 3 of the Dungeon.
You were not hungry.

You visited 1 branch of the dungeon, and saw 3 of its levels.

You collected 217 gold pieces.

Inventory:

Hand Weapons
 a - a +0 long sword (weapon)
Armour
 b - a +0 scale mail (worn)
 c - a +0 shield (worn)
 t - a +0 pair of boots
Jewellery
 j - an uncursed amulet of the gourmand {unknown}
 l - an uncursed ring of resist corrosion {unknown}
 x - an uncursed amulet of rage {unknown}
 y - an uncursed ring of resist corrosion {unknown}
Wands
 v - a wand of confusion (29/48)
Scrolls
 h - a scroll of recharging {unknown}
 k - 2 scrolls of teleportation
 m - 2 scrolls of identify {unknown}
 q - a scroll of blinking {unknown}
 r - 3 scrolls of remove curse {unknown}
 w - a scroll of enchant weapon {unknown}
 z - a scroll of magic mapping {unknown}
 A - a scroll of enchant armour {unknown}
Potions
 d - a potion of might
 o - a potion of flight {unknown}
Books
 p - a book of Misfortune

   Spells                             Type                      Level
   a - Confusing Touch                Hexes                        1
   b - Confuse                        Hexes                        3
   c - Gell's Gravitas                Translocation                3
   d - Petrify                        Transmutation/Earth          4
   e - Metabolic Englaciation         Hexes/Ice                    5
   f - Yara's Violent Unravelling     Hexes/Transmutation          5
 s - a book of Maledictions

   Spells                             Type                      Level
   a - Corona                         Hexes                        1
   b - Ensorcelled Hibernation        Hexes/Ice                    2
   c - Confuse                        Hexes                        3
   d - Tukima's Dance                 Hexes                        3
   e - Dazzling Spray                 Conjuration/Hexes            3
Comestibles
 f - 4 bread rations
 n - a meat ration
 u - a royal jelly


   Skills:
 + Level 4.4 Fighting
 + Level 4.8 Long Blades
 + Level 4.4 Armour
 + Level 1.0 Dodging
 + Level 4.7 Shields


You had 4 spell levels left.
You didn't know any spells.

Dungeon Overview and Level Annotations

Branches:
Dungeon (3/15)

Altars:
Gozag
Makhleb
Xom


Innate Abilities, Weirdness & Mutations

You reflexively headbutt those who attack you in melee.
You have a pair of horns on your head.


Message History

You kill the kobold!
The orc priest mumbles some strange prayers to Beogh against you.
Beogh smites you!
* * * LOW HITPOINT WARNING * * *
You block the dart slug's attack.
It was a potion of berserk rage.
A red film seems to cover your vision as you go berserk!
You feel yourself moving faster!
You feel mighty! Something hits you but does no damage.
The orc completely misses you. The orc priest hits you.
* * * LOW HITPOINT WARNING * * *
Something hits you but does no damage.
You are too berserk!
You slash the dart slug!
You kill the dart slug!
Something hits you but does no damage. The orc closely misses you.
You riposte.
You slice the orc!!
You kill the orc!
The orc priest hits you.
You die...

.........PP...........###
................#.♣♣♣# #
..##.............♣.♣♣♣♣#
#.##.#........#..♣.PPP♣#
#.##.#........#..♣P..PP♣
#.##.#..........#♣PP..♣♣
#..#.#.....♣.♣.♣#♣♣.P..♣
########...#))o.......#♣.♣♣P.P
#............@{..♣.♣.♣..♣♣♣(.♣
#.##.##≈≈.≈≈.(.......#....♣♣..
##.###.≈#≈≈≈≈≈.###..♣.♣.....♣.♣
#..##≈≈≈≈≈≈≈≈≈≈≈...............
#..#≈≈≈≈#...≈#≈≈≈............##
#.#.≈≈≈≈≈..≈.#≈≈≈............##
#.#≈≈#≈≈≈≈.≈≈≈≈≈≈≈....###...>..
##.†≈≈≈≈≈≈≈.≈#≈≈≈≈≈≈...###....#.
#..≈≈#≈≈≈≈...≈≈≈≈≈#≈.###....#.##


You could see an orc priest.

Vanquished Creatures
  An orc wizard (D:3)
  8 adders
  An ooze (D:1)
  9 dart slugs
  A leopard gecko (D:1)
  7 orcs
  2 ball pythons (D:2)
  3 giant cockroaches
  6 goblins
  3 hobgoblins
  3 jackals (D:2)
  10 kobolds
  3 quokkas
  9 bats
  4 frilled lizards
  5 rats
75 creatures vanquished.

Vanquished Creatures (others)
  A dart slug (D:3)
1 creature vanquished.

Grand Total: 76 creatures vanquished

Notes
Turn   | Place    | Note
-------+----------+-------------------------------------------
     0 | D:1      | Alfie the Minotaur Fighter began the quest for the Orb.
     0 | D:1      | Reached XP level 1. HP: 19/19 MP: 0/0
   136 | D:1      | Reached XP level 2. HP: 26/27 MP: 1/1
   845 | D:2      | Reached XP level 3. HP: 32/33 MP: 2/2
   946 | D:2      | Found a shimmering altar of Xom.
   948 | D:2      | Found an opulent altar of Gozag.
   948 | D:2      | Found a burning altar of Makhleb.
   950 | D:2      | Found a sparkling altar of Nemelex Xobeh.
   950 | D:2      | Found a shimmering altar of Xom.
   950 | D:2      | Found a basalt altar of Yredelemnul.
  1047 | D:2      | Reached XP level 4. HP: 40/40 MP: 3/3
  1622 | D:3      | Reached XP level 5. HP: 17/47 MP: 4/4
  1914 | D:3      | Reached skill level 1 in Dodging
  1922 | D:3      | HP: 1/70 [orc priest (3)]
  1923 | D:3      | Slain by an orc priest

Skill      XL: |  1  2  3  4  5 |
---------------+----------------+-----
Shields        | 4 |  4.7
Long Blades    | 3 4 |  4.8
Fighting       | 4 |  4.4
Armour         | 4 |  4.4
Dodging        | 1 |  1.0

Action                   |  1- 3 |  4- 6 || total
-------------------------+-------+-------++-------
Melee: Long sword        |    91 |   103 ||   194
       Headbutt          |     8 |    14 ||    22
  Use: Potion            |       |     3 ||     3
       Scroll            |       |     1 ||     1
  Eat: Fruit             |       |     4 ||     4
Armor: Scale mail        |    38 |    80 ||   118
Dodge: Dodged            |    27 |    50 ||    77
Block: Shield            |    45 |    79 ||   124
       Rpst.: Long sword |     6 |    16 ||    22
